 Dungeon Crawl Stone Soup version 0.30-b1-2-g02819fbbbe (webtiles) character file.

Game seed: 4463857869299131382

117 LLlMATKO the Trooper (level 4, -4/41 HPs)
             Began as a Minotaur Berserker on June 28, 2023.
             Was a Believer of Trog.
             Slain by a gnoll
             ... wielding a +0 flail
              (7 damage)
             ... on level 3 of the Dungeon.
             The game lasted 00:01:08 (1836 turns).

LLlMATKO the Trooper (Minotaur Berserker)           Turns: 1836, Time: 00:01:08

Health: -4/41      AC:  5    Str: 24    XL:     4   Next: 71%
Magic:  0/3        EV: 11    Int:  4    God:    Trog [**....]
Gold:   75         SH:  0    Dex:  9    Spells: 3/3 levels left

rFire   . . .        q - +0 war axe
rCold   . . .        (no shield)
rNeg    . . .        o - +0 ring mail
rPois   .            (helmet restricted)
rElec   .            (no cloak)
rCorr   .            (no gloves)
SInv    .            (no boots)
Will    .....        i - amulet of guardian spirit Stlth
                     (no ring)
HPRegen 0.26/turn    (no ring)
MPRegen 0.08/turn

%: guardian spirit
@: on berserk cooldown, slowed, very slow
A: horns 2, retaliatory headbutt
a: Renounce Religion, Berserk, Trog's Hand


You were on level 3 of the Dungeon.
You worshipped Trog.
Trog was pleased with you.
You visited 1 branch of the dungeon, and saw 3 of its levels.

You collected 75 gold pieces.

Inventory:

Hand Weapons
 q - a +0 war axe (weapon)
Armour
 o - a +0 ring mail (worn)
Jewellery
 i - an amulet of guardian spirit (around neck)
Scrolls
 b - a scroll of vulnerability {unknown}
 d - 2 scrolls of amnesia {unknown}
 e - 3 scrolls of magic mapping {unknown}
 f - a scroll of immolation {unknown}
 j - a scroll of blinking {unknown}
 k - a scroll of enchant armour {unknown}
 l - a scroll of identify {unknown}
 p - 2 scrolls of teleportation {unknown}
Potions
 c - a potion of mutation {unknown}
 g - 2 potions of curing {unknown}
 h - a potion of berserk rage {unknown}
 m - a potion of brilliance {unknown}
 n - 2 potions of attraction {unknown}


   Skills:
 + Level 4.6 Fighting
 + Level 4.5 Axes
 + Level 3.6 Armour
 + Level 3.3 Dodging


You had 3 spell levels left.
You didn't know any spells.
Your spell library was empty.

Dungeon Overview and Level Annotations

Branches:
Dungeon (3/15)

Altars:
Nemelex Xobeh


Innate Abilities, Weirdness & Mutations

You have a pair of horns on your head.
You reflexively headbutt those who attack you in melee.


Message History

You are too injured to fight recklessly!
Unknown command.
You are too injured to fight recklessly!
You barely miss the gnoll. Your headbutt misses the gnoll.
Your punch misses the gnoll.
The gnoll is severely wounded.
You hit the gnoll.
The gnoll hits you from afar with a +0 halberd!
* * * LOW HITPOINT WARNING * * *
The gnoll barely misses you. You furiously retaliate!
You headbutt the gnoll!
You kill the gnoll!
Trog accepts your kill. The gnoll barely misses you.
You slash the gnoll!
You kill the gnoll!
Trog accepts your kill.
Unknown command.
The gnoll hits you with a +0 halberd!
* * * LOW HITPOINT WARNING * * *
Things that are here:
a +0 halberd; a gnoll corpse You slash the gnoll!
You headbutt the gnoll.
You kill the gnoll!
Trog accepts your kill.
A gnoll comes into view. It is wielding a +0 flail.
Things that are here:
a +0 halberd; a gnoll corpse
Found 15 gold pieces.
You feel a strong urge to attack something.
You feel your anger nearly subside.
You are no longer berserk.
You are exhausted.
You feel yourself slow down.
Unknown command.
You barely miss the gnoll. The gnoll barely misses you.
The gnoll hits you with a +0 flail.
* * * LOW HITPOINT WARNING * * *
You completely miss the gnoll. The gnoll hits you with a +0 flail.
* * * LOW HITPOINT WARNING * * *
You closely miss the gnoll. The gnoll hits you with a +0 flail!
You die...

$......g#)##.....
.................
#######.......... .
#.######.#... #.###
.... #.g.### .#..
###...##.....
############g.......
#..........@........
#...[.....#.#####...
#........#..# #.
#........#)##
##.........#
#...........
#.)†....##...
#......## ...
#.<....# ..


You could see a gnoll.

Vanquished Creatures
  Jessica (D:2)
  3 gnolls (D:3)
  An adder (D:2)
  A dart slug (D:2)
  An orc (D:3)
  5 ball pythons
  3 bats
  3 endoplasms
  A giant cockroach (D:2)
  5 goblins
  5 hobgoblins
  2 quokkas (D:1)
  2 frilled lizards (D:1)
  10 kobolds
  6 rats
49 creatures vanquished.

Notes
Turn   | Place    | Note
-------+----------+-------------------------------------------
     0 | D:1      | LLlMATKO the Minotaur Berserker began the quest for the
                  | Orb.
     0 | D:1      | Reached XP level 1. HP: 19/19 MP: 0/0
   264 | D:1      | Reached XP level 2. HP: 27/27 MP: 1/1
   433 | D:1      | Found a faded altar of an unknown god.
  1042 | D:2      | Reached ** piety under Trog
  1043 | D:2      | Reached XP level 3. HP: 32/33 MP: 2/2
  1156 | D:2      | Noticed Jessica
  1162 | D:2      | Killed Jessica
  1165 | D:2      | Reached XP level 4. HP: 29/41 MP: 1/3
  1364 | D:2      | Found a sparkling altar of Nemelex Xobeh.
  1836 | D:3      | Slain by a gnoll

Illustrated notes

Levels and vault maps discovered:
D:1:      roderic_dead_forest, layout_basic, ebering_ecumenical_altar_mist,
          minmay_indecisive_spiral
D:2:      layout_loops_cross, basic_altar, nicolae_underground_beach,
          uniq_jessica
D:3:      layout_rooms, minmay_lizard_king

Skill      XL: |  1  2  3 |
---------------+----------+-----
Fighting       | 4 |  4.6
Axes           | 4 |  4.5
Armour         | 3 |  3.6
Dodging        | 3 |  3.3

Action                     |  1- 3 |  4- 6 || total
---------------------------+-------+-------++-------
  Melee: Hand axe          |    64 |    20 ||    84
         Headbutt          |     5 |     5 ||    10
         War axe           |       |    11 ||    11
 Invoke: Berserk           |       |     1 ||     1
 Armour: Animal skin       |     4 |       ||     4
         Ring mail         |     5 |     8 ||    13
  Dodge: Dodged            |    46 |    18 ||    64
